 Dungeon Crawl Stone Soup version 0.23.1 (webtiles) character file.

Game seed: 10214670621957643705

16901 Honti the Bludgeoner (level 12, 0/105 HPs)
             Began as a Minotaur Berserker on Mar 13, 2019.
             Was a High Priest of Trog.
             Slain by a sixfirhy (12 damage)
             ... summoned by a kobold demonologist
             ... on level 12 of the Dungeon.
             The game lasted 00:21:47 (11823 turns).

Honti the Bludgeoner (Minotaur Berserker)          Turns: 11823, Time: 00:21:48

Health: 0/105      AC: 18    Str: 26    XL:     12   Next: 14%
Magic:  11/11      EV: 11    Int:  4    God:    Trog [*****.]
Gold:   525        SH:  3    Dex: 11    Spells: 11/11 levels left

rFire    + . .     SeeInvis .   J - +0 dire flail
rCold    . . .     Gourm    .   (shield currently unavailable)
rNeg     . . .     Faith    .   m - +0 plate armour
rPois    .         Spirit   .   (helmet restricted)
rElec    .         Reflect  +   (no cloak)
rCorr    .         Harm     .   M - +0 pair of gloves
MR       +++..                  F - +2 pair of boots
Stlth    ..........             t - +3 amulet of reflection
HPRegen  1.27/turn              E - ring of protection from fire
MPRegen  0.12/turn              x - ring of protection from magic

@: about to teleport, berserk cooldown, regenerating, slowed, very slow
A: retaliatory headbutt, horns 2
a: Berserk, Trog's Hand, Brothers in Arms, Renounce Religion


You were on level 12 of the Dungeon.
You worshipped Trog.
Trog was extremely pleased with you.
You were hungry.

You visited 1 branch of the dungeon, and saw 12 of its levels.

You collected 665 gold pieces.
You spent 140 gold pieces at shops.

Inventory:

Hand Weapons
 J - a +0 dire flail (weapon)
Armour
 a - a +0 shield
 m - a +0 plate armour (worn)
 F - a +2 pair of boots (worn)
 M - a +0 pair of gloves (worn)
Jewellery
 r - an uncursed ring of see invisible
 t - a +3 amulet of reflection (around neck)
 w - an uncursed ring of protection from fire
 x - a ring of protection from magic (right hand)
 E - a ring of protection from fire (left hand)
 I - a +2 amulet of reflection
Wands
 s - a wand of iceblast (12)
 z - a wand of paralysis (5)
 B - a wand of acid (6)
 K - a wand of enslavement (21)
Scrolls
 e - 9 scrolls of teleportation
 g - 2 scrolls of remove curse
 l - a scroll of fear {unknown}
 n - a scroll of noise {unknown}
 o - 2 scrolls of immolation {unknown}
 q - a scroll of fog {unknown}
 u - 3 scrolls of enchant weapon {unknown}
 v - 3 scrolls of magic mapping {unknown}
 y - 3 scrolls of enchant armour {unknown}
 C - 6 scrolls of amnesia {unknown}
 D - a scroll of silence {unknown}
 H - 3 scrolls of identify
Potions
 b - 4 potions of haste
 d - 3 potions of heal wounds
 f - 4 potions of curing
 h - 2 potions of degeneration {unknown}
 i - a potion of cancellation {unknown}
 j - 2 potions of brilliance {unknown}
 k - 2 potions of flight {unknown}
 p - a potion of berserk rage {unknown}
 A - a potion of ambrosia {unknown}
 G - a potion of magic {unknown}
 L - a potion of lignification {unknown}
 N - a potion of resistance {unknown}
Comestibles
 c - 20 rations


   Skills:
 + Level 9.5 Fighting
 * Level 17.5 Maces & Flails
 + Level 9.0 Armour
 + Level 8.3 Dodging


You had 11 spell levels left.
You didn't know any spells.
Your spell library was empty.

Dungeon Overview and Level Annotations

Branches:
Dungeon (12/15)            Temple (0/1) D:4            Lair (0/6) D:8
    Orc (0/2) D:12

Altars:
Fedhas
Gozag
Kikubaaqudgha
Makhleb
Nemelex Xobeh
Trog
Vehumet
Yredelemnul
Beogh

Shops:
D:5 !


Innate Abilities, Weirdness & Mutations

You reflexively headbutt those who attack you in melee.
You have a pair of horns on your head.


Message History

The sixfirhy hits you but does no damage.
The sixfirhy misses you. You furiously retaliate!
You headbutt the sixfirhy!! The sixfirhy hits you. The sixfirhy shocks you!
* * * LOW HITPOINT WARNING * * *
The sixfirhy hits you but does no damage.
The kobold demonologist casts a spell.
The big kobold misses you. You furiously retaliate!
You headbutt the big kobold. The big kobold closely misses you.
You furiously retaliate!
You headbutt the big kobold! You block the kobold's attack.
The kobold closely misses you. You furiously retaliate!
You headbutt the kobold!
You kill the kobold!
Trog accepts your kill.
The big kobold hits you but does no damage.
The red devil hits you from afar with a +0 trident.
* * * LOW HITPOINT WARNING * * *
The sixfirhy hits you!
* * * LOW HITPOINT WARNING * * *
The sixfirhy shocks you!
You die...

####################
...................#
#...............3..#
#.............4.K..#
#.........5....KK3.#
#.............3K@K)#
#........(.....K...#
...................#
#.################(#
#.################(#
#..................#
...................#
...................#
#####..#############


You could see 2 kobold demonologists, a sixfirhy, a smoke demon, a neqoxec, a
red devil, 3 big kobolds, a crimson imp and a kobold.

Vanquished Creatures
  A hydra (D:10)
  3 two-headed ogres
  A tengu warrior (D:10)
  Erica (D:8)
  An unseen horror (D:12)
  2 cyclopes (D:12)
  An ugly thing (D:10)
  A centaur skeleton (D:12)
  5 kobold demonologists
  3 trolls
  A hornet (D:10)
  Prince Ribbit (D:6)
  A hippogriff (D:6)
  9 yaks
  A basilisk (D:8)
  A yak (shapeshifter) (D:10)
  3 wyverns
  A steam dragon (D:10)
  Edmund (D:6)
  2 water moccasins
  4 porcupines (D:8)
  An orc warrior (D:7)
  5 ice beasts
  3 sky beasts
  2 eyes of draining
  A hornet zombie (D:10)
  A black bear (D:7)
  3 ogres
  7 centaurs
  A phantom (D:5)
  5 big kobolds
  4 crocodiles (D:8)
  5 bullfrogs
  A water moccasin zombie (D:6)
  A water moccasin skeleton (D:9)
  A scorpion (D:4)
  4 killer bees (D:9)
  4 howler monkeys
  A centaur zombie (D:9)
  4 crimson imps
  2 quasits
  A bullfrog skeleton (D:11)
  5 jellies
  17 orc wizards
  A gnoll shaman (D:6)
  A hound (D:9)
  15 orc priests
  Ijyb (D:3)
  Terence (D:3)
  10 worker ants
  3 iguanas
  A hound zombie (D:10)
  A hound skeleton (D:8)
  A worker ant zombie (D:8)
  8 gnolls
  14 adders
  4 shadow imps
  2 worms (D:2)
  7 dart slugs
  5 leopard geckos
  50 orcs
  2 ball pythons (D:1)
  4 bats
  9 giant cockroaches
  7 goblins
  5 hobgoblins
  7 jackals
  5 quokkas
  A ball python zombie (D:6)
  7 frilled lizards
  26 kobolds
  A leopard gecko zombie (D:5)
  18 rats
340 creatures vanquished.

Vanquished Creatures (others)
  A gnoll (D:10)
  2 plants (D:8)
3 creatures vanquished.

Grand Total: 343 creatures vanquished

Notes
Turn   | Place    | Note
-------+----------+-------------------------------------------
     0 | D:1      | Honti the Minotaur Berserker began the quest for the Orb.
     0 | D:1      | Reached XP level 1. HP: 19/19 MP: 0/0
    25 | D:1      | Reached skill level 4 in Maces & Flails
    44 | D:1      | Reached XP level 2. HP: 25/26 MP: 1/1
   168 | D:1      | Reached skill level 5 in Maces & Flails
   216 | D:1      | Reached ** piety under Trog
   217 | D:1      | Reached XP level 3. HP: 31/31 MP: 2/2
   831 | D:2      | Reached skill level 6 in Maces & Flails
   831 | D:2      | Reached XP level 4. HP: 23/39 MP: 3/3
  1189 | D:2      | Found a blossoming altar of Fedhas.
  1234 | D:2      | Reached skill level 7 in Maces & Flails
  1234 | D:2      | Reached XP level 5. HP: 45/45 MP: 4/4
  1624 | D:3      | Found a burning altar of Makhleb.
  1625 | D:3      | Found a radiant altar of Vehumet.
  1765 | D:3      | Reached *** piety under Trog
  1775 | D:3      | Noticed Ijyb
  1788 | D:3      | Killed Ijyb
  1788 | D:3      | Reached skill level 8 in Maces & Flails
  1971 | D:3      | Reached XP level 6. HP: 47/51 MP: 5/5
  2156 | D:3      | Noticed Terence
  2162 | D:3      | Killed Terence
  2342 | D:4      | Reached skill level 9 in Maces & Flails
  2493 | D:4      | Found a staircase to the Ecumenical Temple.
  2559 | D:4      | Found a sparkling altar of Nemelex Xobeh.
  3165 | D:5      | Entered Level 5 of the Dungeon
  3233 | D:5      | Found a bloodstained altar of Trog.
  3239 | D:5      | Reached XP level 7. HP: 57/57 MP: 0/6
  3244 | D:5      | Reached skill level 10 in Maces & Flails
  3404 | D:5      | Found Vasote's Distillery.
  3409 | D:5      | Bought a potion of heal wounds for 70 gold pieces
  3409 | D:5      | Bought a potion of heal wounds for 70 gold pieces
  3592 | D:5      | Reached skill level 11 in Maces & Flails
  3671 | D:5      | Reached XP level 8. HP: 57/64 MP: 7/7
  4110 | D:6      | Noticed Prince Ribbit
  4126 | D:6      | Killed Prince Ribbit
  4126 | D:6      | Reached skill level 12 in Maces & Flails
  4358 | D:6      | Noticed Edmund
  4373 | D:6      | Reached skill level 13 in Maces & Flails
  4397 | D:6      | Killed Edmund
  4467 | D:6      | Noticed a hippogriff
  4478 | D:6      | Killed a hippogriff
  4483 | D:6      | Reached XP level 9. HP: 41/70 MP: 8/8
  4518 | D:6      | Reached skill level 14 in Maces & Flails
  4519 | D:6      | Found an ancient bone altar of Kikubaaqudgha.
  5043 | D:7      | Reached **** piety under Trog
  5593 | D:7      | Found an opulent altar of Gozag.
  6102 | D:8      | Reached skill level 5 in Fighting
  6169 | D:8      | Found a staircase to the Lair.
  6182 | D:8      | Reached skill level 15 in Maces & Flails
  6182 | D:8      | Reached skill level 5 in Armour
  6182 | D:8      | Reached XP level 10. HP: 59/83 MP: 9/9
  6642 | D:8      | Noticed Erica
  6655 | D:8      | Killed Erica
  6655 | D:8      | Reached skill level 5 in Dodging
  7723 | D:9      | Noticed a two-headed ogre
  7735 | D:9      | Killed a two-headed ogre
  8110 | D:9      | Reached skill level 16 in Maces & Flails
  8117 | D:9      | Reached ***** piety under Trog
  8158 | D:9      | Found a basalt altar of Yredelemnul.
  8349 | D:10     | Entered Level 10 of the Dungeon
  8423 | D:10     | Reached XP level 11. HP: 90/92 MP: 10/10
  8590 | D:10     | Noticed a tengu warrior
  8605 | D:10     | Killed a tengu warrior
  8982 | D:10     | Noticed a cyan ugly thing
  8994 | D:10     | Killed a cyan ugly thing
  8998 | D:10     | Noticed an eight-headed hydra
  9006 | D:10     | Killed an eight-headed hydra
  9215 | D:10     | Got a bloodstained whip
  9269 | D:10     | Noticed a fire crab
  9269 | D:10     | a fire crab changed into a yaktaur
  9379 | D:10     | Got a jewelled fustibalus
  9382 | D:10     | Identified the cursed +1 whip of the Sky {venom, rN+ Str+7
                  | Int-4} (You found it on level 10 of the Dungeon)
 10530 | D:11     | Received a gift from Trog
 10531 | D:11     | Found the +7 captain's cutlass {speed, disarm}
 10637 | D:12     | Noticed a two-headed ogre
 10650 | D:11     | Killed a two-headed ogre
 10650 | D:11     | Reached skill level 17 in Maces & Flails
 10909 | D:12     | Found a staircase to the Orcish Mines.
 10929 | D:12     | Found a roughly hewn altar of Beogh.
 10988 | D:12     | Killed an unseen horror
 11400 | D:12     | Noticed a sun demon
 11408 | D:12     | Noticed a soul eater
 11429 | D:12     | Noticed a soul eater
 11436 | D:12     | Reached XP level 12. HP: 74/104 MP: 11/11
 11599 | D:12     | Noticed a two-headed ogre
 11609 | D:12     | Killed a two-headed ogre
 11823 | D:12     | Slain by a sixfirhy

Skill      XL: |  1  2  3  4  5  6  7  8  9 10 11 12 |
---------------+-------------------------------------+-----
Maces & Flails | 4 5 6 7 8 9 11 13 15 16 17 | 17.5
Fighting       | 5 7 9 |  9.5
Armour         | 5 6 8 9 |  9.0
Dodging        | 4 6 8 |  8.3

Action                   |  1- 3 |  4- 6 |  7- 9 | 10-12 || total
-------------------------+-------+-------+-------+-------++-------
Melee: Mace              |    63 |    98 |       |       ||   161
       Headbutt          |    12 |    26 |    45 |    93 ||   176
       Flail             |       |    53 |   269 |   228 ||   550
       Dire flail        |       |       |       |   278 ||   278
Invok: Berserk           |       |     2 |    10 |     8 ||    20
       Trog's Hand       |       |     1 |     9 |     5 ||    15
  Use: Scroll            |       |       |     8 |     4 ||    12
       Potion            |       |       |     1 |     2 ||     3
 Stab: Sleeping          |     1 |       |       |       ||     1
  Eat: Chunk             |       |     6 |    22 |    19 ||    47
       Ration            |       |     1 |       |     2 ||     3
Armor: Animal skin       |    11 |     2 |       |       ||    13
       Plate armour      |       |    74 |   164 |   317 ||   555
Dodge: Dodged            |    43 |    52 |    84 |   223 ||   402
Block: Other             |       |       |    21 |    45 ||    66
       Reflection        |       |       |     1 |     2 ||     3
